Map: Pylon LE

Players

LiquidClem (Clem)

  • Race: Protoss Protoss
  • League: Master
  • Spawn Location: 11:00

ByuN - Winner!

  • Race: Terran Terran
  • League: Diamond
  • Spawn Location: 5:00

VOD

Have the link to the VOD?

Description

Time

  • Played on: May 27, 2025, 10:06 p.m.
  • Length: 15:28
Show
View Real Time Build Order
Export as new Build Order

LiquidClem Protoss 

Build Orders: Blink Stalkers 

Get SALT Encoding   

  12  0:00  Probe  
  13  0:12  Probe  
  14  0:17  Pylon  
  14  0:23  Probe  
  15  0:31  Probe  
  16  0:36  Gateway  
  16  0:39  Probe  
  16  0:45  Assimilator  
  17  0:51  Probe  
  18  1:03  Probe  
  19  1:15  Probe  
  20  1:23  Cybernetics Core, Zealot  
  22  1:27  Pylon, Probe  
  23  1:33  Assimilator  
  23  1:45  Probe  
  24  1:48  Stalker  
  24  1:57  Probe  
  24  2:01  Warp Gate  
  27  2:05  Shield Battery  
  27  2:09  Probe  
  27  2:11  Pylon  
  27  2:14  Stalker  
  30  2:32  Nexus  
  29  2:40  Twilight Council  
  29  2:41  Stalker  
  29  2:47  Blink  
  31  2:51  Probe  
  32  3:03  Probe  
  33  3:10  Pylon  
  33  3:16  Probe  
  34  3:25  Gateway  
  34  3:28  Probe  
  35  3:35  Gateway  
  35  3:40  Probe  
  36  3:46  Probe  
  37  3:51  Stalker  
  37  3:52  Probe  
  40  3:58  Probe  
  41  4:10  Probe x2  
  41  4:16  Stalker  
  41  4:20  Stalker  
  41  4:22  Probe  
  41  4:24  Probe  
  41  4:33  Stalker  
  41  4:35  Probe  
  41  4:36  Probe  
  45  4:40  Stalker  
  45  4:41  Robotics Facility  
  45  4:43  Stalker  
  49  4:47  Probe  
  49  4:48  Probe  
  49  4:50  Charge  
  51  4:59  Probe  
  52  5:00  Probe  
  52  5:05  Stalker x2  
  57  5:09  Stalker  
  59  5:20  Nexus  
  59  5:25  Pylon, Probe  
  59  5:26  Probe  
  59  5:31  Observer  
  56  5:37  Probe  
  56  5:38  Probe  
  56  5:40  Stalker  
  60  5:43  Assimilator  
  60  5:46  Stalker  
  60  5:47  Pylon  
  62  5:51  Stalker  
  62  5:55  Probe x2  
  66  5:57  Pylon  
  66  6:00  Gateway  
  66  6:07  Probe x2  
  66  6:08  Gateway  
  68  6:12  Gateway  
  68  6:16  Observer  
  68  6:18  Gateway  
  68  6:22  Gateway  
  68  6:23  Probe  
  68  6:24  Probe  
  70  6:25  Observer  
  70  6:26  Phoenix  
  70  6:30  Probe, Forge  
  71  6:32  Probe  
  71  6:35  Probe  
  71  6:39  Probe, Sentry  
  75  6:40  Probe, Sentry  
  75  6:41  Zealot  
  81  6:47  Probe  
  81  6:49  Probe  
  81  6:50  Pylon  
  81  6:52  Protoss Ground Weapons Level 1  
  84  6:56  Gateway x2  
  84  6:59  Zealot  
  85  7:03  Zealot  
  85  7:05  Sentry  
  85  7:07  Zealot  
  91  7:09  Zealot  
  91  7:11  Zealot  
  95  7:18  Pylon, Zealot x2  
  99  7:23  Zealot  
  99  7:25  Zealot  
  103  7:34  Zealot x4  
  108  7:41  Zealot  
  108  7:42  Immortal, Zealot  
  104  7:44  Zealot  
  104  7:45  Zealot  
  84  7:57  Stalker x4  
  80  7:59  Zealot  
  80  8:02  Zealot  
  84  8:07  Zealot x3  
  84  8:12  Pylon  
  90  8:15  Observer  
  90  8:20  Pylon, Zealot x2, Sentry x2  
  90  8:21  Zealot  
  101  8:27  Zealot  
  101  8:28  Zealot x2  
  101  8:29  Zealot  
  109  8:36  Protoss Ground Armor Level 1  
  109  8:38  Warp Prism  
  91  8:43  Zealot x2  
  91  8:44  Zealot x3  
  83  8:56  Assimilator  
  83  8:58  Templar Archives  
  83  9:00  Assimilator  
  83  9:01  Zealot x2, Sentry  
  89  9:09  Psionic Storm  
  87  9:11  Zealot x3  
  87  9:13  Observer  
  87  9:17  Zealot x2  
  89  9:25  Zealot x3  
  89  9:26  Zealot  
  97  9:39  Zealot x3  
  97  9:45  Zealot x2  
  103  9:57  High Templar x3  
  107  10:00  Nexus  
  107  10:03  Pylon  
  103  10:10  High Templar  
  103  10:11  Zealot x3  
  109  10:15  Zealot  
  111  10:23  Pylon  
  111  10:24  Warp Prism  
  111  10:25  High Templar  
  109  10:34  High Templar  
  109  10:35  Zealot x2  
  115  10:36  Pylon  
  89  10:50  Stalker x5  
  89  10:56  Immortal  
  91  11:01  Zealot x2, High Templar  
  87  11:06  Archon  
  91  11:12  Probe x3  
  91  11:13  Probe  
  91  11:16  Zealot, High Templar  
  91  11:17  Zealot  
  100  11:24  Probe, Protoss Ground Armor Level 2  
  101  11:25  Zealot x2  
  101  11:28  Probe  
  104  11:37  Zealot x4  
  104  11:44  High Templar x2  
  106  11:51  Forge  
  102  11:54  Archon  
  102  11:55  Zealot x3  
  102  11:57  Probe x2  
  102  11:58  Probe  
  102  11:59  Probe  
  112  12:06  Zealot x4  
  112  12:07  Protoss Ground Weapons Level 2  
  112  12:08  Immortal  
  108  12:09  Probe  
  108  12:10  Probe  
  110  12:20  High Templar  
  110  12:21  Zealot x3, High Templar  
  124  12:31  Nexus  
  124  12:42  Zealot x5  
  132  12:55  Zealot x4  
  140  12:59  Archon  
  140  13:04  Gateway  
  140  13:05  Gateway  
  140  13:07  High Templar  
  140  13:08  Zealot x3  
  148  13:14  Zealot  
  150  13:21  Immortal  
  140  13:31  Zealot x4, High Templar  
  140  13:32  Zealot x2  
  132  13:42  Stalker x2  
  132  13:44  Probe  
  132  13:45  Pylon, Probe  
  132  13:46  Pylon  
  132  13:47  Probe x3  
  141  13:54  Observer  
  141  13:55  Robotics Bay  
  140  13:59  High Templar  
  140  14:00  Zealot x3  
  149  14:05  Zealot x2  
  149  14:06  Zealot  
  149  14:15  Probe  
  126  14:17  Probe  
  126  14:22  Immortal  
  127  14:24  Zealot x2  
  127  14:25  Zealot x2  
  127  14:27  Zealot x4  
  131  14:32  Shield Battery  
  129  14:40  Zealot x3  
  129  14:44  Robotics Facility  
  135  14:46  High Templar  
  135  14:47  Zealot x2, High Templar  
  135  14:50  Zealot x2  
  135  14:51  Zealot  
  135  14:57  Zealot  
  127  15:06  Zealot x3  
  119  15:13  Zealot x4  
  119  15:14  Zealot  
  123  15:20  Zealot x3  
Show
View Real Time Build Order
Export as new Build Order

ByuN Terran - Winner!

Build Orders:  

Get SALT Encoding   

  12  0:00  SCV  
  13  0:12  SCV  
  14  0:17  Supply Depot  
  14  0:24  SCV  
  15  0:39  Barracks, SCV  
  16  0:46  Refinery  
  16  0:52  SCV  
  17  1:01  Barracks  
  17  1:04  SCV  
  18  1:16  SCV  
  19  1:29  Reaper, Orbital Command  
  20  1:51  Supply Depot  
  20  1:53  Reaper  
  21  1:55  SCV  
  22  2:06  Reaper  
  23  2:12  SCV  
  24  2:17  Command Center  
  24  2:22  Refinery  
  24  2:25  Supply Depot, SCV  
  26  2:37  SCV  
  26  2:44  Bunker  
  26  2:49  SCV  
  26  2:50  Factory  
  27  3:01  Barracks Reactor, SCV  
  28  3:10  Barracks Tech Lab  
  27  3:13  SCV  
  28  3:25  SCV  
  29  3:28  Orbital Command  
  29  3:29  Marine  
  29  3:33  Factory Tech Lab  
  30  3:35  Starport  
  30  3:37  SCV  
  30  3:40  Marine x2  
  33  3:47  Marine  
  34  3:49  SCV  
  34  3:53  Siege Tank  
  38  3:56  SCV  
  38  3:58  Marine x2  
  41  4:05  SCV  
  41  4:08  SCV  
  40  4:15  Marine x2  
  40  4:17  Marine, SCV  
  40  4:20  SCV  
  40  4:21  Medivac  
  45  4:29  SCV  
  46  4:32  SCV  
  46  4:33  Marine, Supply Depot  
  46  4:35  Marine  
  49  4:41  SCV  
  49  4:42  Supply Depot  
  49  4:44  Marine, Refinery, SCV  
  52  4:54  Supply Depot, SCV  
  52  4:55  Siege Tank  
  52  4:56  SCV  
  56  5:01  Marine x2  
  56  5:05  Barracks Tech Lab  
  56  5:06  SCV  
  58  5:09  SCV  
  58  5:13  Barracks  
  59  5:18  SCV  
  59  5:19  Marine x2  
  59  5:21  SCV  
  62  5:27  Siege Tank  
  62  5:30  SCV  
  62  5:33  Marine, SCV  
  64  5:41  Marine  
  63  5:43  Starport Reactor, SCV  
  63  5:44  Stimpack  
  63  5:45  Engineering Bay, SCV  
  63  5:47  Marine  
  66  5:52  Marine  
  66  5:55  SCV  
  68  5:58  Barracks  
  68  5:59  Barracks  
  68  6:05  SCV  
  68  6:07  SCV  
  68  6:09  Combat Shield  
  70  6:11  Factory Reactor, Terran Infantry Weapons Level 1  
  70  6:13  Supply Depot  
  70  6:14  Marine x2  
  76  6:18  Marauder x2  
  76  6:24  Supply Depot  
  76  6:25  Medivac  
  78  6:34  Supply Depot  
  78  6:35  Medivac, Marine x2  
  82  6:41  Marauder  
  82  6:42  Marauder  
  82  6:46  Supply Depot  
  86  6:47  Refinery  
  86  6:51  Barracks Reactor, Barracks Tech Lab  
  86  6:52  SCV x2  
  88  6:55  Widow Mine  
  90  7:03  Marauder x2  
  90  7:05  Supply Depot  
  94  7:09  Marine, Supply Depot  
  94  7:10  Marine  
  94  7:14  Marauder  
  98  7:19  Widow Mine  
  98  7:20  Widow Mine  
  102  7:24  Marauder  
  102  7:28  Marauder  
  102  7:29  Command Center  
  101  7:46  Marine x2, Marauder x2  
  101  7:50  Marauder  
  95  7:52  Widow Mine x2  
  95  7:53  Marine x2  
  91  8:04  Marine, Concussive Shells  
  91  8:05  Marine  
  93  8:07  Medivac  
  93  8:08  Marauder x2, SCV x2  
  93  8:10  Terran Infantry Armor Level 1  
  93  8:11  Marine, Marauder  
  93  8:12  Medivac  
  106  8:13  Marine  
  106  8:19  Ghost Academy  
  107  8:24  SCV x2  
  109  8:29  Marine, Marauder x2  
  109  8:32  Marauder  
  114  8:37  SCV  
  114  8:38  SCV  
  100  8:47  Marine x2  
  92  8:49  SCV  
  92  8:50  Marauder, SCV  
  92  8:51  Widow Mine  
  92  8:57  Marauder x2  
  92  9:00  Marine x2  
  92  9:01  SCV  
  100  9:05  Marine, SCV  
  101  9:12  Marauder  
  101  9:13  SCV  
  104  9:17  SCV  
  104  9:18  Marauder  
  104  9:21  Orbital Command  
  107  9:25  Ghost, SCV  
  107  9:29  SCV  
  112  9:33  Ghost  
  112  9:34  Marine x4  
  119  9:40  Widow Mine x2  
  123  9:46  Ghost  
  123  9:49  Viking  
  123  9:52  Marine, Supply Depot  
  128  9:53  SCV x2  
  128  9:57  Marine x3  
  133  10:00  Medivac  
  133  10:05  SCV  
  135  10:10  Marauder x2  
  135  10:11  Marine  
  135  10:13  Widow Mine x2  
  138  10:14  Marine x3  
  138  10:16  Refinery  
  138  10:19  Medivac, SCV x2  
  145  10:28  Marine, Refinery  
  145  10:31  SCV x2  
  148  10:36  Marauder x3  
  154  10:43  SCV x2  
  138  10:51  Marine x2  
  138  10:53  Reaper  
  138  10:55  SCV  
  138  10:56  SCV  
  137  10:57  Ghost x3  
  137  11:03  Medivac x2  
  139  11:12  Command Center  
  139  11:16  Marine x3  
  142  11:19  Armory, Engineering Bay  
  142  11:25  Ghost x2  
  142  11:27  Ghost, SCV x3  
  152  11:33  Medivac  
  134  11:42  Marine x2  
  134  11:44  Widow Mine x2  
  136  11:48  SCV x2  
  136  11:51  Medivac  
  123  11:54  Marine x2, Ghost  
  123  11:55  Marauder  
  123  11:57  Marauder  
  123  11:59  Marine  
  123  12:00  Marine  
  122  12:09  Viking  
  122  12:11  Terran Infantry Armor Level 2  
  122  12:12  Marine x2, Terran Infantry Weapons Level 2  
  123  12:16  Marauder  
  123  12:18  Marauder  
  123  12:20  Marine  
  123  12:21  Marine, Viking  
  123  12:22  Barracks  
  131  12:23  Barracks x2, Marauder  
  133  12:30  Marine  
  133  12:35  SCV x3  
  137  12:37  Marauder  
  137  12:38  Starport  
  130  12:46  Missile Turret  
  130  12:47  SCV x3  
  133  12:51  Viking x2  
  133  12:52  Marauder  
  133  12:53  Marauder  
  133  12:56  Sensor Tower  
  141  12:59  SCV x2  
  141  13:00  Marine x3, SCV  
  141  13:01  Marine  
  150  13:05  Marauder  
  150  13:11  Barracks Tech Lab x2  
  150  13:12  Barracks Reactor  
  150  13:16  Marauder  
  150  13:17  Marauder  
  150  13:18  Marine x4  
  135  13:27  Marauder  
  135  13:31  Marauder x2  
  136  13:36  Marine x2  
  136  13:38  Marauder x2  
  140  13:43  Barracks Reactor, Medivac  
  140  13:45  Medivac  
  144  13:49  Marauder  
  144  13:52  Marauder x2  
  144  13:53  SCV x3  
  153  13:56  Marine x2  
  153  13:59  Marine x2, Marauder x2  
  161  14:04  Planetary Fortress  
  158  14:10  Marauder  
  158  14:13  Marauder, Ghost  
  156  14:20  SCV x2  
  156  14:21  Marauder x2  
  156  14:23  Medivac  
  153  14:24  Marine  
  153  14:31  Ghost  
  154  14:32  Marine  
  154  14:33  Marine  
  154  14:35  Medivac, Marauder  
  163  14:45  Viking x2  
  167  14:47  Ghost  
  170  14:54  Ghost  
  171  15:03  Marauder  
  171  15:04  Marauder  
  171  15:05  Marine x3  
  172  15:15  Supply Depot  
  172  15:16  Supply Depot  
  172  15:17  Supply Depot  
Tags
 
Composition
Blink Stalkers
Matchup
PvT
Player
ByuNClem
Spawn Locations
Cross Positions
Add a new tag
Caveats
  • Supply blocks, unpowered buildings, or Contaminate may cause inaccurate times.
  • Supply counts are checked every 10 seconds.